 Dungeon Crawl Stone Soup version 0.31-a0-174-g85c54bcb58 (webtiles) character file.

Game seed: 16629877549905205690

26 qw the Shooter (level 3, 0/32 HPs)
             Began as a Naga Hunter on June 15, 2023.
             Slain by a worm (4 damage)
             ... on level 1 of the Dungeon.
             The game lasted 00:00:17 (955 turns).

qw the Shooter (Naga Hunter)                         Turns: 955, Time: 00:00:17

Health: 0/32       AC:  3    Str: 13    XL:     3   Next: 8%
Magic:  3/3        EV:  9    Int:  9    God:
Gold:   10         SH:  0    Dex: 16    Spells: 2/2 levels left

rFire   . . .        Y - +0 shortbow
rCold   . . .        (shield currently unavailable)
rNeg    + . .        c - +0 leather armour
rPois   +            h - +0 helmet
rElec   .            (no cloak)
rCorr   .            (no gloves)
SInv    +            (no barding)
Will    .....        (no amulet)
Stlth   ++           d - ring of positive energy
HPRegen 0.25/turn    (no ring)
MPRegen 0.08/turn

%: no passive effects
@: very slow
A: AC +1, large, see invisible, deformed body, poison resistance, slowness 2,
spit poison 1, naga tail 1
a: Spit Poison


You were on level 1 of the Dungeon.
You visited 1 branch of the dungeon, and saw 2 of its levels.

You collected 10 gold pieces.


Innate Abilities, Weirdness & Mutations

Your serpentine skin is tough. (AC +1)
You have supernaturally acute eyesight. (SInv)
Armour fits poorly on your strangely shaped body.
Your system is resistant to poisons. (rPois)
You cover ground very slowly.
You can spit poison.
You have a snake-like lower body.


   Skills:
 - Level 2.0 Fighting
 + Level 4.5 Ranged Weapons
 - Level 1.5 Dodging
 - Level 1.5 Stealth


You had 2 spell levels left.
You didn't know any spells.
Your spell library was empty.

Inventory:

Hand Weapons
 Y - a +0 shortbow (weapon)
Armour
 c - a +0 leather armour (worn)
 h - a +0 helmet (worn)
Jewellery
 d - a ring of positive energy (left hand)
Scrolls
 a - a scroll of identify
Potions
 j - a potion of heal wounds {unknown}

Dungeon Overview and Level Annotations

Branches:
Dungeon (2/15)

Altars:

Shops:
D:1 !


Message History

The quokka barely misses you.
You shoot an arrow. The arrow closely misses the quokka.
The quokka bites you. The quokka closely misses you.
You shoot an arrow.
The arrow hits the quokka but does no damage.
The quokka is almost dead.
The quokka bites you but does no damage.
The worm bites you.
948 ||| STAIRDANCE You have got your breath back.
The jackal bites you. The quokka closely misses you. The jackal bites you.
The worm bites you.
You climb upwards.
There is a stone staircase leading down, spattered with blood here.
950 ||| INVOKING Spit Poison.
Aiming: Spit Poison (2% risk of failure)
Press: ? - help, Shift-Dir - straight line, f - quokka The splash of poison hits the quokka.
The quokka is poisoned.
You kill the quokka!
The jackal barely misses you.
You shoot an arrow. The arrow hits the worm.
The worm is lightly wounded.
The jackal closely misses you. The jackal barely misses you.
The worm bites you.
You shoot an arrow.
The arrow hits the worm but does no damage.
The worm is lightly wounded.
The jackal misses you. The worm bites you! The jackal barely misses you.
You shoot an arrow. The arrow hits the worm!
The worm is heavily wounded.
The jackal barely misses you.
You shoot an arrow.
The arrow hits the worm but does no damage.
The worm is heavily wounded.
The jackal bites you. The worm bites you! The jackal misses you.
You shoot an arrow.
The arrow hits the worm but does no damage.
The worm is heavily wounded.
You have got your breath back.
The jackal bites you. The worm bites you.
You die...

#......## #.'..~7# #.# #####...##
#.#P.P~# ####.####
##.....####.#~.~~# #.......#
##.......##..##+### #.......##
##...........##...######........#
.+...^...........................
##.........####...######........#
##.......## ##%...# #.......##
##.....## #@h#.# #.......#
##...## ##w..# ####.#### ##+##
##.## #.# #.# #.# #.# #.# #.# #.#
### ##.##### #.# #.# #.###......#
#.# ##.## ...#.......### #.#
#...#### ....#........# #.#
#.......


You could see a worm and a jackal.

Vanquished Creatures
  A dart slug (D:1)
  3 ball pythons
  An endoplasm (D:1)
  A giant cockroach (D:1)
  3 hobgoblins
  5 jackals
  A kobold (D:1)
  A quokka (D:1)
  A frilled lizard (D:1)
  3 rats (D:1)
20 creatures vanquished.

Notes
Turn   | Place    | Note
-------+----------+-------------------------------------------
     0 | D:1      | qw the Naga Hunter began the quest for the Orb.
     0 | D:1      | Reached XP level 1. HP: 19/19 MP: 1/1
     0 | D:1      | 0 ||| qw: Version: 0.2-a-29-g511e9b1
     0 | D:1      | 0 ||| qw: Game counter: 5468
     0 | D:1      | 0 ||| qw: Always use a shield: true
     0 | D:1      | 0 ||| qw: God list: Okawaru
     0 | D:1      | 0 ||| qw: Allow faded altars: false
     0 | D:1      | 0 ||| qw: Do Orc after D:15 true
     0 | D:1      | 0 ||| qw: Do second Lair branch before Depths: true
     0 | D:1      | 0 ||| qw: Lair rune preference: random
     0 | D:1      | 0 ||| qw: Plans: Normal
     0 | D:1      | 0 ||| PLANNING D:1-11
    12 | D:1      | 12 ||| INVOKING Spit Poison.
    84 | D:1      | 84 ||| INVOKING Spit Poison.
    92 | D:1      | 92 ||| INVOKING Spit Poison.
   203 | D:1      | 203 ||| INVOKING Spit Poison.
   204 | D:1      | Reached skill level 4 in Ranged Weapons
   204 | D:1      | Reached XP level 2. HP: 26/26 MP: 2/2
   518 | D:1      | 518 ||| INVOKING Spit Poison.
   546 | D:1      | 546 ||| INVOKING Spit Poison.
   613 | D:1      | 613 ||| INVOKING Spit Poison.
   616 | D:1      | 616 ||| INVOKING Spit Poison.
   619 | D:1      | 619 ||| INVOKING Spit Poison.
   761 | D:1      | 761 ||| INVOKING Spit Poison.
   794 | D:1      | Found Sasimp's Distillery.
   797 | D:1      | 797 ||| SHOPLISTING potion of curing (36 gold, have 10).
   797 | D:1      | 797 ||| SHOPLISTING potion of heal wounds (60 gold, have
                  | 10).
   868 | D:1      | 868 ||| UPGRADING to +0 helmet.
   873 | D:1      | 873 ||| UPGRADING to ring of positive energy.
   874 | D:1      | 874 ||| READING 2 scrolls labelled MABUCK AGGUBI.
   875 | D:1      | 875 ||| READING scroll labelled HAK MIKKU.
   876 | D:1      | 876 ||| READING scroll labelled ZAJILO WAUZ.
   877 | D:1      | 877 ||| READING scroll labelled KOMIHIMIUNN.
   881 | D:1      | 881 ||| DROPPING scroll of butterflies.
   907 | D:2      | 907 ||| INVOKING Spit Poison.
   909 | D:2      | 909 ||| STAIRDANCE
   911 | D:1      | 911 ||| INVOKING Spit Poison.
   937 | D:2      | 937 ||| INVOKING Spit Poison.
   939 | D:2      | Reached XP level 3. HP: 30/32 MP: 3/3
   940 | D:2      | 940 ||| INVOKING Spit Poison.
   941 | D:2      | 941 ||| INVOKING Spit Poison.
   944 | D:2      | 944 ||| INVOKING Spit Poison.
   948 | D:2      | 948 ||| STAIRDANCE
   950 | D:1      | 950 ||| INVOKING Spit Poison.
   954 | D:1      | HP: 6/32 [worm (8)]
   955 | D:1      | Slain by a worm

Levels and vault maps discovered:
D:1:      tarquinn_simple_flora_water_f, layout_loops_corners, serial_shops,
          nicolae_shop_real_fake_doors
D:2:      layout_basic, minmay_hexomino_u4

Skill      XL: |  1 |
---------------+----+-----
Ranged Weapons | 4 |  4.5
Fighting       | |  2.0
Dodging        | |  1.5
Stealth        | |  1.5

Action                     || total
---------------------------++-------
   Fire: Shortbow          ||    34
Ability: Spit Poison       ||    16
    Use: Scroll            ||     4
 Armour: Leather armour    ||     2
  Dodge: Dodged            ||    19

Table legend:
 A = Non-vault XP
 B = Vault XP
 C = Vault XP percentage of total XP
 D = Non-vault monster count
 E = Vault monster count
 F = Vault count percentage of total count
                 A         B        C        D         E       F
            +---------+---------+-------+---------+---------+-------
      Total |      38 |       0 |   0.0 |      20 |       0 |   0.0
            +---------+---------+-------+---------+---------+-------
        D:1 |      32 |       0 |   0.0 |      17 |       0 |   0.0
        D:2 |       6 |       0 |   0.0 |       3 |       0 |   0.0
            +---------+---------+-------+---------+---------+-------
